[Event "Team 45 45 League T46"]
[Site "Internet Chess Club"]
[Date "2010.08.29"]
[Round "4"]
[White "Carnivore"]
[Black "DaveTheRook"]
[Result "0-1"]
[WhiteElo "1831"]
[BlackElo "1729"]
[Opening "Sicilian: Najdorf, Opocensky variation"]
[ECO "B92"]
[Time "16:02:56"]
[TimeControl "2700+45"]

1. e4 c5 2. Nf3 d6 3. d4 cxd4 4. Nxd4 Nf6 5. Nc3 a6 6. Be2 e5 7. Nb3 Be7 8. Be3
O-O 9. O-O Be6 10. Bf3 Nbd7 11. g4 Nc5 12. Qd2 Nxg4 13. Bxg4 Bxg4 14. f3 Bh3 15.
Rfe1 Ne6 16. Rad1 Bh4 17. Re2 Qf6 18. Rf2 Qg6+ 19. Kh1 Bxf2 20. Qxf2 Nf4 21. Nc1
Bg2+ {White resigns} 0-1

[Event "Team 45 45 League T46"]
[Site "Internet Chess Club"]
[Date "2010.08.27"]
[Round "4"]
[White "badmove"]
[Black "christinaa"]
[Result "0-1"]
[WhiteElo "1701"]
[BlackElo "1981"]
[Opening "Sicilian: closed"]
[ECO "B24"]
[Time "16:00:10"]
[TimeControl "2700+45"]

1. e4 c5 2. Nc3 g6 3. g3 Bg7 4. Bg2 Nc6 5. d3 Nf6 6. f4 d6 7. Nf3 O-O 8. O-O Rb8
9. h3 Nd7 10. Rb1 b5 11. a3 e6 12. Be3 Nd4 13. Ne2 Nxe2+ 14. Qxe2 Bb7 15. g4 d5
16. e5 d4 17. Bf2 Nb6 18. c4 bxc4 19. dxc4 a5 20. Rfc1 a4 21. g5 Qc7 22. Bg3
Rfd8 23. Qd3 Ba6 24. Nd2 Nd5 25. Qf3 Ne7 26. Qd3 Nd5 27. Qf3 Ne7 28. Qd3 Nf5 29.
Bf2 Qa5 30. Be1 Ne3 31. Ne4 Qc7 32. b4 axb3 33. Rxb3 Rxb3 34. Qxb3 Rb8 35. Qa4
Bb7 36. Bf3 Bc6 37. Qxc6 Qxc6 38. Nf6+ Bxf6 39. Bxc6 Bd8 40. Bb5 h5 41. a4 Ra8
42. Kf2 Ba5 43. Bxa5 Rxa5 44. Ra1 Nc2 45. Ra2 Nb4 46. Rb2 Nd3+ {White resigns}
0-1

[Event "Team 45 45 League T46"]
[Site "Internet Chess Club"]
[Date "2010.08.28"]
[Round "4"]
[White "imgr8"]
[Black "CaoCao"]
[Result "1/2-1/2"]
[WhiteElo "2174"]
[BlackElo "1948"]
[Opening "Polish (Sokolsky) opening"]
[ECO "A00"]
[Time "12:06:27"]
[TimeControl "2700+45"]

1. b4 e5 2. Bb2 d6 3. e3 Nf6 4. c4 g6 5. Nf3 Bg7 6. Be2 O-O 7. O-O Nbd7 8. d4
exd4 9. exd4 Re8 10. Nbd2 d5 11. c5 c6 12. a4 Ne4 13. Nxe4 Rxe4 14. Bd3 Re7 15.
b5 Nf8 16. h3 Ne6 17. Qd2 Bd7 18. Rfe1 Qc7 19. Rab1 Rae8 20. b6 Qb8 21. bxa7
Qxa7 22. a5 Qb8 23. Bf1 Qf4 24. Qxf4 Nxf4 25. Rxe7 Rxe7 26. Bc1 Bf5 27. Rb6 Ne6
28. a6 bxa6 29. Bxa6 Re8 30. Be3 Be4 31. Rxc6 Bxf3 32. gxf3 Nxd4 33. Bxd4 Bxd4
34. Rd6 Bxc5 35. Rxd5 {Game drawn by mutual agreement} 1/2-1/2

[Event "Team 45 45 League T46"]
[Site "Internet Chess Club"]
[Date "2010.08.27"]
[Round "4"]
[White "primerpaso"]
[Black "jefferyx"]
[Result "0-1"]
[WhiteElo "1865"]
[BlackElo "2027"]
[Opening "English: symmetrical, Botvinnik system"]
[ECO "A36"]
[Time "17:16:21"]
[TimeControl "2700+45"]

1. c4 c5 2. Nc3 Nc6 3. g3 g6 4. Bg2 Bg7 5. e4 e6 6. Nge2 Nge7 7. O-O O-O 8. d3
d6 9. Be3 Nd4 10. Qd2 Qa5 11. Nxd4 cxd4 12. Nd5 Qd8 13. Nxe7+ Qxe7 14. Bh6 e5
15. Bxg7 Kxg7 16. f4 f5 17. Rae1 fxe4 18. Bxe4 Bh3 19. Bg2 Bxg2 20. Qxg2 Rae8
21. Qd5 Qc7 22. b4 Qc6 23. Qxc6 bxc6 24. fxe5 Rxf1+ 25. Kxf1 dxe5 26. Ke2 Kf6
27. Kd2 Rb8 28. Rb1 Ke6 29. a4 a6 30. Ke2 g5 31. Kf3 h5 32. b5 Rf8+ 33. Ke2 axb5
34. cxb5 cxb5 35. Rxb5 Ra8 36. a5 g4 37. Rb6+ Kd5 38. a6 Kc5 39. Re6 Kd5 40. Rh6
Kc5 41. Rxh5 Rxa6 42. Rxe5+ Kb4 43. Re4 Ra2+ 44. Kd1 Kc3 45. Rxg4 Kxd3 46. Kc1
Rxh2 47. Rg8 Rh1+ 48. Kb2 Kd2 49. Rf8 d3 50. g4 Rg1 51. Rh8 Kd1 52. g5 d2 53. g6
Ke2 54. Re8+ Kf3 55. Rf8+ Ke4 56. Re8+ Kf5 57. Rf8+ Ke5 58. Re8+ Kf6 59. Rf8+
Kg7 {White resigns} 0-1

[Event "Team 45 45 League T46"]
[Site "Internet Chess Club"]
[Date "2010.08.28"]
[Round "4"]
[White "irock"]
[Black "GreatPelle"]
[Result "1/2-1/2"]
[WhiteElo "1757"]
[BlackElo "2052"]
[Opening "French: exchange variation"]
[ECO "C01"]
[Time "14:04:53"]
[TimeControl "2700+45"]

1. e4 e6 2. d4 d5 3. exd5 exd5 4. Nf3 c6 5. c4 Nf6 6. Nc3 Be7 7. Bf4 O-O 8. Bd3
dxc4 9. Bxc4 Bd6 10. Ne5 Nbd7 11. Nxf7 Qe7+ 12. Ne5+ Nd5 13. Nxd5 cxd5 14. Bxd5+
Kh8 15. Bg3 Nxe5 16. dxe5 Bxe5 17. O-O Bxb2 18. Rb1 Bf6 19. Re1 Qa3 20. Qe2 Bf5
21. Rxb7 Bd3 22. Qe3 Qa6 23. Rb8 Raxb8 24. Bxb8 Qb5 25. Bd6 Rd8 26. Bc7 Rc8 27.
Bb7 Rf8 28. Bd6 Rg8 29. Bf3 Bg6 30. Qxa7 Rd8 31. Qc5 Qa4 32. Qa3 Qd7 33. Bg3 h6
34. h3 Qf7 35. Rd1 Re8 36. Bd5 Qd7 37. Bb3 Qf5 38. Qd6 Bh5 39. Rc1 Qg5 40. Qf4
Qa5 41. Qc7 Qd2 42. Qf4 Qa5 43. Qc7 Qd2 44. Qf4 Qa5 {Game drawn by repetition}
1/2-1/2

[Event "Team 45 45 League T46"]
[Site "Internet Chess Club"]
[Date "2010.08.29"]
[Round "4"]
[White "chipionero"]
[Black "Walker42"]
[Result "0-1"]
[WhiteElo "1716"]
[BlackElo "1990"]
[Opening "King's Indian: Petrosian system, Stein variation"]
[ECO "E92"]
[Time "16:02:06"]
[TimeControl "2700+45"]

1. d4 Nf6 2. Nf3 g6 3. c4 Bg7 4. Nc3 O-O 5. e4 d6 6. Be2 e5 7. d5 a5 8. Qc2 Na6
9. Bg5 h6 10. Bh4 Qe8 11. Nd2 Nh7 12. f3 h5 13. Nb5 Bd7 14. a4 Bh6 15. Bf2 Qe7
16. Nb3 b6 17. Nc3 Bg5 18. h4 Bf4 19. g3 Bh6 20. g4 Kh8 21. g5 Bg7 22. Qd2 f6
23. Be3 fxg5 24. hxg5 Kg8 25. O-O-O Rf7 26. Rdf1 Nc5 27. Nxc5 bxc5 28. f4 exf4
29. Bxf4 Qe8 30. Bxh5 Rxf4 31. Qxf4 gxh5 32. Qh4 Bg4 33. Rf4 Nf8 34. Rhf1 Ng6
{White resigns} 0-1

[Event "Team 45 45 League T46"]
[Site "Internet Chess Club"]
[Date "2010.08.29"]
[Round "4"]
[White "QueensCounselor"]
[Black "TerryMalloy"]
[Result "1/2-1/2"]
[WhiteElo "2184"]
[BlackElo "2004"]
[Opening "Benkö gambit half accepted"]
[ECO "A57"]
[Time "16:04:27"]
[TimeControl "2700+45"]

1. d4 Nf6 2. c4 c5 3. d5 b5 4. cxb5 a6 5. b6 e6 6. Nc3 Nxd5 7. Nxd5 exd5 8. Qxd5
Nc6 9. Nf3 Rb8 10. e4 Be7 11. Bc4 O-O 12. O-O Rxb6 13. Ng5 Qe8 14. Qf5 Bxg5 15.
Bxg5 d6 16. Qf3 Ne5 17. Qe2 Nxc4 18. Qxc4 Rxb2 19. Rab1 Qb5 20. Qxb5 Rxb5 21. f3
Be6 22. Rfd1 f6 23. Bf4 Rfb8 24. Rxb5 Rxb5 25. Rxd6 Bxa2 26. Rxa6 Rb2 27. Rc6
{Game drawn by mutual agreement} 1/2-1/2

[Event "Team 45 45 League T46"]
[Site "Internet Chess Club"]
[Date "2010.08.28"]
[Round "4"]
[White "Folgers"]
[Black "fledermaus"]
[Result "1/2-1/2"]
[WhiteElo "2031"]
[BlackElo "1983"]
[Opening "Levitsky attack (Queen's bishop attack)"]
[ECO "D00"]
[Time "12:04:08"]
[TimeControl "2700+45"]

1. d4 d5 2. Bg5 h6 3. Bh4 c6 4. e3 Qb6 5. Qc1 e5 6. c3 Nd7 7. Be2 Be7 8. Bxe7
Nxe7 9. Nf3 Ng6 10. c4 exd4 11. Nxd4 Nf6 12. cxd5 Nxd5 13. Nd2 Ngf4 14. Bf1 O-O
15. Qc4 Re8 16. O-O-O Ng6 17. Qb3 Bg4 18. N2f3 Qxb3 19. Nxb3 Rad8 20. h3 Bc8 21.
Bc4 Nf6 22. Rxd8 Rxd8 23. Rd1 Rxd1+ 24. Kxd1 {Game drawn by mutual agreement}
1/2-1/2

[Event "Team 45 45 League T46"]
[Site "Internet Chess Club"]
[Date "2010.08.29"]
[Round "4"]
[White "jonesey"]
[Black "cysk"]
[Result "0-1"]
[WhiteElo "1951"]
[BlackElo "1734"]
[Opening "Scandinavian: Pytel-Wade variation"]
[ECO "B01"]
[Time "07:04:49"]
[TimeControl "2700+45"]

1. e4 d5 2. exd5 Qxd5 3. Nc3 Qd6 4. d4 Nf6 5. Nf3 a6 6. Bg5 Nbd7 7. Qd2 b5 8.
Bf4 Qb6 9. Bd3 Bb7 10. Qe3 e6 11. O-O c5 12. dxc5 Bxc5 13. Qe2 O-O 14. Rad1 Rad8
15. Bg5 h6 16. Bh4 Qc6 17. Be4 Nxe4 18. Nxe4 Qxe4 19. Qxe4 Bxe4 20. Bxd8 Rxd8
21. Ne5 Bd5 22. Nxd7 Rxd7 23. Rd3 Rc7 24. Rd2 b4 25. Rc1 Be7 26. Rd4 a5 27. c4
bxc3 28. bxc3 Bf6 29. Rd3 Bxa2 30. Ra1 Rb7 31. Rdd1 Bd5 32. Rxa5 Bxc3 33. Ra8+
Kh7 34. Rc8 Bd4 35. Kf1 e5 36. f4 Be6 37. Rc6 Bg4 {White forfeits on time} 0-1

[Event "Team 45 45 League T46"]
[Site "Internet Chess Club"]
[Date "2010.08.27"]
[Round "4"]
[White "Eyechess"]
[Black "smitty120"]
[Result "1-0"]
[WhiteElo "1811"]
[BlackElo "1825"]
[Opening "Benoni: fianchetto variation"]
[ECO "A63"]
[Time "20:02:06"]
[TimeControl "2700+45"]

1. d4 Nf6 2. c4 c5 3. d5 e6 4. Nc3 exd5 5. cxd5 d6 6. Nf3 g6 7. g3 Bg7 8. Bg2
O-O 9. O-O a6 10. a4 Qa5 11. Bf4 Ne8 12. Qb3 Nd7 13. Nd2 Ne5 14. Bxe5 dxe5 15.
Nc4 Qc7 16. Rfd1 Rb8 17. d6 Qd8 18. d7 Bxd7 19. Nb6 Nf6 20. Ne4 Be6 21. Rxd8
Bxb3 22. Nxf6+ Bxf6 23. Rxb8 Rxb8 24. Nd7 Rd8 25. Nxf6+ Kg7 26. Ne4 c4 27. Kf1
f5 28. Nc5 Rd2 29. Bxb7 Rxb2 30. Bxa6 c3 31. Nxb3 Rxb3 32. Ke1 {Black resigns}
1-0

[Event "Team 45 45 League T46"]
[Site "Internet Chess Club"]
[Date "2010.08.28"]
[Round "4"]
[White "imawesome"]
[Black "civilization"]
[Result "1-0"]
[WhiteElo "1686"]
[BlackElo "1651"]
[Opening "Sicilian: Alapin's variation (2.c3)"]
[ECO "B22"]
[Time "16:13:48"]
[TimeControl "2700+45"]

1. e4 c5 2. c3 e6 3. d4 d5 4. exd5 exd5 5. Nf3 Nc6 6. Be3 cxd4 7. cxd4 Nf6 8.
Nc3 Be6 9. Bd3 Bb4 10. O-O O-O 11. a3 Ba5 12. Re1 Bg4 13. h3 Bxf3 14. Qxf3 Bb6
15. Rad1 Re8 16. Re2 a6 17. Red2 Bc7 18. Bc2 Qd6 19. g3 Rad8 20. Bg5 Rd7 21.
Bxf6 Qxf6 22. Qh5 g6 23. Qg4 Red8 24. Bb3 Ba5 25. Rd3 Bxc3 26. bxc3 Qe7 27. a4
Qa3 28. Bc2 Qd6 29. Rf3 Re8 30. Bd3 Rde7 31. h4 Re1+ 32. Rxe1 Rxe1+ 33. Kg2 Re8
34. h5 Qe6 35. Qg5 Qd6 36. hxg6 hxg6 37. Rf4 Qe7 38. Qxd5 Qe6 39. Qxe6 Rxe6 40.
d5 Rd6 41. dxc6 Rxd3 42. cxb7 Rd8 43. Rb4 Rb8 44. c4 Kf8 45. c5 Ke8 46. c6 Kd8
47. Rb6 Kc7 48. Rxa6 f5 49. Ra8 {Black resigns} 1-0

[Event "Team 45 45 League T46"]
[Site "Internet Chess Club"]
[Date "2010.08.28"]
[Round "4"]
[White "Theodulf"]
[Black "Nikhil03"]
[Result "1-0"]
[WhiteElo "1575"]
[BlackElo "1520"]
[Opening "Sicilian: Alapin's variation (2.c3)"]
[ECO "B22"]
[Time "09:03:46"]
[TimeControl "2700+45"]

1. e4 c5 2. c3 e6 3. d4 a6 4. Nf3 cxd4 5. cxd4 d5 6. Bd3 dxe4 7. Bxe4 Nf6 8. Bc2
b5 9. a3 Bb7 10. O-O Be7 11. Nc3 O-O 12. Be3 Nd5 13. Qd3 g6 14. Bh6 Re8 15. Rad1
Bf8 16. Bxf8 Kxf8 17. Qd2 Kg7 18. Rfe1 Nxc3 19. Qxc3 Bd5 20. Be4 Bxe4 21. d5+
Kg8 22. dxe6 Qb6 23. exf7+ Kxf7 24. Ng5+ Kg8 25. Nxe4 Rf8 26. Rd6 Qa7 27. Nf6+
Rxf6 28. Qxf6 Nd7 29. Qe6+ Kh8 30. Rxd7 Qc5 31. Qf6+ Kg8 32. Qg7# {Black
checkmated} 1-0

[Event "Team 45 45 League T46"]
[Site "Internet Chess Club"]
[Date "2010.08.29"]
[Round "4"]
[White "crazyhorses"]
[Black "allanchs"]
[Result "1/2-1/2"]
[WhiteElo "1550"]
[BlackElo "1531"]
[Opening "Ruy Lopez: closed"]
[ECO "C90"]
[Time "12:04:25"]
[TimeControl "2700+45"]

1. e4 e5 2. Nf3 Nc6 3. Bb5 a6 4. Ba4 Nf6 5. O-O Be7 6. Re1 b5 7. Bb3 d6 8. c3
Na5 9. Bc2 c5 10. d3 Qc7 11. Nbd2 O-O 12. Nf1 Bd7 13. Bg5 Nc6 14. Ne3 Ne8 15.
Nd5 Qd8 16. Nxe7+ Nxe7 17. d4 f6 18. dxe5 dxe5 19. Be3 Qc7 20. Qe2 Bg4 21. h3
Bh5 22. g4 Bf7 23. b3 Nd6 24. Rad1 Rad8 25. Bc1 Rd7 26. Rd2 Rfd8 27. Red1 Ne8
28. Nh4 Rxd2 29. Rxd2 Rd6 30. Qd1 Qd7 31. Rxd6 Qxd6 32. Qxd6 Nxd6 33. Ba3 Nb7
34. f3 Be6 35. Nf5 Kf7 36. Kf2 Nc6 37. Ne3 b4 38. Bb2 a5 39. c4 Nd4 {Game drawn
by mutual agreement} 1/2-1/2

[Event "Team 45 45 League T46"]
[Site "Internet Chess Club"]
[Date "2010.08.28"]
[Round "4"]
[White "kingphisch"]
[Black "dinosaurs01"]
[Result "0-1"]
[WhiteElo "1438"]
[BlackElo "1294"]
[Opening "Sicilian: closed"]
[ECO "B23"]
[Time "14:30:29"]
[TimeControl "2700+45"]

1. e4 c5 2. Nc3 e6 3. f4 Nf6 4. Nf3 d5 5. exd5 exd5 6. d3 Be7 7. Be2 O-O 8. O-O
a6 9. Qe1 b5 10. Bd2 Bb7 11. d4 cxd4 12. Nxd4 Bc5 13. Be3 Qb6 14. Rd1 Nc6 15.
Qd2 Rfe8 16. Bf2 Nxd4 17. Bxd4 b4 18. Na4 Bxd4+ 19. Qxd4 Qxd4+ 20. Rxd4 Rxe2 21.
Rxb4 Bc6 22. Nc5 Rxc2 23. Nb3 d4 24. Rxd4 Rxg2+ 25. Kh1 Rg4+ 26. Rf3 Bxf3#
{White checkmated} 0-1

[Event "Team 45 45 League T46"]
[Site "Internet Chess Club"]
[Date "2010.08.28"]
[Round "4"]
[White "zepled37"]
[Black "kidviper"]
[Result "1-0"]
[WhiteElo "1745"]
[BlackElo "1893"]
[Opening "Sicilian: closed"]
[ECO "B23"]
[Time "12:08:39"]
[TimeControl "2700+45"]

1. e4 c5 2. Nc3 e6 3. f4 a6 4. Nf3 d5 5. exd5 exd5 6. d4 Nf6 7. Be2 Nc6 8. h3
Be7 9. Be3 c4 10. O-O O-O 11. Kh1 Nh5 12. Qe1 Re8 13. a3 Bxa3 14. Ne5 Bxb2 15.
Bxh5 Nxe5 16. fxe5 g6 17. Bf3 Bxa1 18. Qxa1 Be6 19. Qc1 b5 20. Bg5 Qa5 21. Bf6
Qb4 22. Nxd5 Bxd5 23. c3 Qf8 24. Bxd5 Ra7 25. Qe3 Rc7 26. e6 fxe6 27. Bxe6+ Rf7
28. Bxf7+ Qxf7 29. Qf3 Rf8 30. Be5 Qxf3 31. Rxf3 Rxf3 32. gxf3 a5 33. Bd6 Kf7
34. Kg2 Ke6 35. Bc5 Kd5 36. Kg3 b4 37. cxb4 axb4 38. Bxb4 Kxd4 39. Bd2 Ke5 40.
Kg4 Kf6 41. Bc3+ Kf7 42. Kg5 Kf8 43. Kh6 Kg8 44. h4 Kf8 45. Kxh7 Kf7 46. Kh6 g5
47. Kxg5 Kf8 48. Kg6 Kg8 49. h5 Kf8 50. h6 Ke7 51. h7 Ke6 52. h8=Q Kd5 53. Qd4+
Ke6 54. Qe5+ Kd7 55. Kf6 Kc6 56. Ke7 Kb7 57. Qd6 Kc8 58. Qd7+ Kb8 59. Ba5 c3 60.
Qc7+ Ka8 61. Bb6 c2 62. Qc8# {Black checkmated} 1-0

[Event "Team 45 45 League T46"]
[Site "Internet Chess Club"]
[Date "2010.08.29"]
[Round "4"]
[White "noblitz-oblige"]
[Black "MaxII"]
[Result "1-0"]
[WhiteElo "1666"]
[BlackElo "1603"]
[Opening "Petrov: classical attack"]
[ECO "C42"]
[Time "08:24:17"]
[TimeControl "2700+45"]

1. e4 e5 2. Nf3 Nf6 3. Nxe5 d6 4. Nf3 Nxe4 5. d4 d5 6. h3 Be7 7. Bd3 O-O 8. O-O
Nc6 9. Re1 Nd6 10. Nc3 Be6 11. Bf4 Nf5 12. Qd2 g6 13. Ne2 Nb4 14. Ng5 Bd7 15.
Nf3 Nxd3 16. Qxd3 Bf6 17. c3 Re8 18. Ng3 Nxg3 19. Bxg3 Bf5 20. Qd2 c6 21. Rxe8+
Qxe8 22. Re1 Qd7 23. Ne5 Qd8 24. Qf4 Bg5 25. Qf3 f6 26. Ng4 h5 27. Ne3 Be4 28.
Qd1 Qd7 29. Nf1 Re8 30. Nd2 Bf5 31. Nf3 Bh6 32. Nh4 Rxe1+ 33. Qxe1 Kf7 34. Nxf5
Qxf5 35. Qd1 Qe4 36. Qb3 b6 37. Qa3 a5 38. Qd6 Qe8 39. Qc7+ Kg8 40. Qxb6 Qe1+
41. Kh2 h4 42. Bxh4 Bf4+ 43. Bg3 Qxf2 44. Qd8+ Kg7 45. Qe7+ Kg8 46. Qe6+ Kg7 47.
Qg4 Be3 48. Bxf2 {Black resigns} 1-0

[Event "Team 45 45 League T46"]
[Site "Internet Chess Club"]
[Date "2010.08.28"]
[Round "4"]
[White "SpeedBlade"]
[Black "Bible-Believer"]
[Result "1/2-1/2"]
[WhiteElo "1447"]
[BlackElo "1522"]
[Opening "English: symmetrical variation"]
[ECO "A30"]
[Time "14:00:23"]
[TimeControl "2700+45"]

1. c4 c5 2. g3 g6 3. Bg2 Bg7 4. e3 Nc6 5. Ne2 d6 6. Nbc3 Bf5 7. O-O Qd7 8. Re1
Nf6 9. d4 Nb4 10. e4 Bg4 11. f3 Bh3 12. Be3 O-O 13. dxc5 Bxg2 14. Kxg2 Qc6 15.
a3 Na6 16. cxd6 Rfd8 17. Qa4 Qxd6 18. Rad1 Qc7 19. b4 Qxc4 20. b5 Qxa4 21. Nxa4
Nc7 22. b6 axb6 23. Rxd8+ Rxd8 24. Bxb6 Nfe8 25. Nc5 Rd6 26. Bxc7 Nxc7 27. Nxb7
Rd2 28. Kh3 Ra2 29. Rc1 Rxe2 30. Rxc7 Bf6 31. a4 Ra2 32. a5 Kf8 33. Rc8+ Kg7 34.
Rc7 Kf8 35. Rc8+ {Game drawn by mutual agreement} 1/2-1/2

[Event "Team 45 45 League T46"]
[Site "Internet Chess Club"]
[Date "2010.08.26"]
[Round "4"]
[White "kidcobra"]
[Black "sly20"]
[Result "1-0"]
[WhiteElo "1643"]
[BlackElo "1416"]
[Opening "King's pawn opening"]
[ECO "B07"]
[Time "13:32:37"]
[TimeControl "2700+45"]

1. e4 d6 2. d4 c6 3. Nc3 Qc7 4. Nf3 Nf6 5. Bc4 b5 6. Bd3 e5 7. dxe5 dxe5 8. O-O
Be7 9. Bg5 O-O 10. Re1 Na6 11. a3 Nc5 12. b4 Ne6 13. Bxf6 Bxf6 14. a4 bxa4 15.
Nxa4 a5 16. bxa5 Rxa5 17. Nc3 Bb7 18. Rxa5 Qxa5 19. Qa1 Ra8 20. Qxa5 Rxa5 21.
Nd2 Ba6 22. Nb3 Ra3 23. Bxa6 Rxa6 24. Ra1 Rxa1+ 25. Nxa1 Be7 26. Na4 Nc5 27.
Nxc5 Bxc5 28. Nb3 Bd4 29. Nxd4 exd4 30. Kf1 c5 31. Ke2 c4 32. Kf3 g5 33. e5 f5
34. exf6 Kf7 35. Ke4 d3 36. cxd3 cxd3 37. Kxd3 Kxf6 38. Ke4 h5 39. f3 Ke6 40. g4
hxg4 41. fxg4 Kf6 42. Kd5 Kf7 43. Ke5 Kg6 44. Ke6 Kg7 45. Kf5 {Black resigns}
1-0

[Event "Team 45 45 League T46"]
[Site "Internet Chess Club"]
[Date "2010.08.29"]
[Round "4"]
[White "Eyechess"]
[Black "sbaker831"]
[Result "1-0"]
[WhiteElo "1823"]
[BlackElo "1626"]
[Opening "Queen's gambit declined"]
[ECO "D30"]
[Time "10:08:24"]
[TimeControl "2700+45"]

1. d4 d5 2. c4 e6 3. Nf3 c6 4. g3 Nf6 5. Qc2 dxc4 6. Qxc4 Qd6 7. Nc3 Nbd7 8. Bg2
Be7 9. Bf4 Qb4 10. Qxb4 Bxb4 11. O-O Bxc3 12. bxc3 Nd5 13. Bd2 O-O 14. Rab1 Rb8
15. e4 N5b6 16. Rfc1 Nc4 17. Bf4 Ra8 18. Bf1 Ncb6 19. c4 Nf6 20. e5 Ne8 21. Bd3
f6 22. exf6 Nxf6 23. Ng5 h6 24. Ne4 Nxe4 25. Bxe4 Nd7 26. Re1 Nf6 27. Bf3 Nh7
28. Bg4 Rf6 29. Be5 Rf8 30. Bd6 Rd8 31. c5 Nf8 32. Rbd1 e5 33. Bxc8 Raxc8 34.
dxe5 Ne6 35. f4 g6 36. Rb1 Rd7 37. Re2 Nd4 38. Reb2 Nb5 39. a4 Nxd6 40. cxd6 b6
41. Re2 Re8 42. Rc2 Rc8 43. Re1 c5 44. Rd2 Rcd8 45. e6 Rxd6 46. Rxd6 Rxd6 47. e7
{Black resigns} 1-0

[Event "Team 45 45 League T46"]
[Site "Internet Chess Club"]
[Date "2010.08.26"]
[Round "4"]
[White "OneWay"]
[Black "Packerfan"]
[Result "1-0"]
[WhiteElo "1666"]
[BlackElo "1638"]
[Opening "Scotch: Potter variation"]
[ECO "C45"]
[Time "10:03:22"]
[TimeControl "2700+45"]

1. e4 e5 2. Nf3 Nc6 3. d4 exd4 4. Nxd4 Bc5 5. Nb3 Bb6 6. Bd3 Qf6 7. O-O Nge7 8.
Nc3 d6 9. Nd5 Nxd5 10. exd5 Ne5 11. Be3 Bxe3 12. fxe3 Qg5 13. e4 O-O 14. Qe2 Bg4
15. Qf2 h5 16. Qf4 Qxf4 17. Rxf4 Nxd3 18. cxd3 Be2 19. d4 Ba6 20. Re1 f6 21. Nd2
Rae8 22. b3 Re7 23. Nc4 Rfe8 24. Nd2 b6 25. Kf2 Bc8 26. h3 f5 27. Re3 fxe4 28.
Rfxe4 Rxe4 29. Nxe4 Rf8+ 30. Kg3 Bb7 31. Nc3 Kf7 32. Rf3+ Ke7 33. Rxf8 Kxf8 34.
Nb5 Bxd5 35. Nxc7 Be4 36. Nb5 d5 37. Nxa7 Bb1 38. a3 Bc2 39. b4 Kf7 40. Nc8 b5
41. Nd6+ Ke6 42. Nxb5 Kf5 43. Nc3 g5 44. Nxd5 h4+ 45. Kf2 Ke4 46. Ne3 Ba4 47. d5
Ke5 48. g3 hxg3+ 49. Kxg3 Kd4 50. Kf2 Kc3 51. d6 Kb2 52. Nc4+ Kb3 53. Nb6 Bc6
54. d7 Kxa3 55. d8=Q Kxb4 56. Qxg5 Bb5 57. h4 Ka5 58. Nc8 Ka6 59. h5 {Black
resigns} 1-0

[Event "Team 45 45 League T46"]
[Site "Internet Chess Club"]
[Date "2010.08.28"]
[Round "4"]
[White "MCJR"]
[Black "quotha"]
[Result "0-1"]
[WhiteElo "1431"]
[BlackElo "1591"]
[Opening "Queen's bishop game"]
[ECO "D02"]
[Time "15:05:09"]
[TimeControl "2700+45"]

1. d4 d5 2. Nf3 Nf6 3. Bf4 e6 4. e3 Bd6 5. Ne5 O-O 6. Nd2 Nc6 7. c3 a6 8. Bd3
Bxe5 9. dxe5 Nd7 10. Nf3 f6 11. exf6 Nxf6 12. Ne5 Bd7 13. h4 Nxe5 14. Bxe5 c5
15. h5 Bc6 16. h6 g6 17. Qc2 Ng4 18. f4 Nxe3 19. Qd2 Nf5 20. O-O-O Qe7 21. g4
Ng3 22. Rh3 Ne4 23. f5 Nxd2 {White resigns} 0-1

[Event "Team 45 45 League T46"]
[Site "Internet Chess Club"]
[Date "2010.08.28"]
[Round "4"]
[White "Lyko"]
[Black "Ryan9"]
[Result "0-1"]
[WhiteElo "1468"]
[BlackElo "1316"]
[Opening "King's gambit"]
[ECO "C30"]
[Time "10:00:24"]
[TimeControl "2700+45"]

1. e4 e5 2. f4 Nc6 3. Nf3 d6 4. Bc4 Nf6 5. d3 Bg4 6. h3 Bxf3 7. Qxf3 Nd4 8. Qf2
Qd7 9. Nc3 Be7 10. Be3 c5 11. Nd5 Nxd5 12. Bxd5 Qb5 13. b3 Qb4+ 14. Qd2 Nxc2+
15. Ke2 Nxa1 16. Qxb4 cxb4 17. Rxa1 Rc8 18. Kd2 b6 19. fxe5 dxe5 20. d4 f6 21.
dxe5 fxe5 22. Bb7 Rc7 23. Bd5 Kd7 24. Rf1 Rf8 25. Rd1 Rfc8 26. Bc4 Ke8 27. Ke2
Rd8 28. Rf1 Rd6 29. Rf7 Rxc4 30. Rxe7+ Kxe7 31. bxc4 Rc6 32. Kd3 Kd6 {White
resigns} 0-1

[Event "Team 45 45 League T46"]
[Site "Internet Chess Club"]
[Date "2010.08.30"]
[Round "4"]
[White "andrew28"]
[Black "froggoathorse"]
[Result "1/2-1/2"]
[WhiteElo "1687"]
[BlackElo "1737"]
[Opening "Four knights: double Ruy Lopez"]
[ECO "C49"]
[Time "17:16:56"]
[TimeControl "2700+45"]

1. e4 e5 2. Nf3 Nf6 3. Nc3 Nc6 4. Bb5 Bb4 5. d3 d6 6. Bg5 Bg4 7. O-O Bxc3 8.
bxc3 O-O 9. Qd2 Bxf3 10. gxf3 h6 11. Bxh6 gxh6 12. Qxh6 Nh7 13. Kh1 Qf6 14. Qh5
Kh8 15. Rg1 Rg8 16. Bc4 Rg5 17. Qxf7 Qxf7 18. Bxf7 Rf8 19. Be6 Rxf3 20. Raf1 Nd8
21. Bb3 Nf7 22. Rg3 Rf6 23. Kg2 Nh6 24. Rg1 Ng4 25. f3 Ne3+ 26. Kf2 Rxg3 27.
Rxg3 Nd1+ 28. Ke1 Ng5 29. Rxg5 Nxc3 30. Kd2 Nb5 31. Ke3 Nd4 32. Rg3 c6 33. c3
Nxb3 34. axb3 a5 35. Rg2 Rf7 36. Rg6 Rd7 37. d4 exd4+ 38. Kxd4 b5 39. Rg1 Rh7
40. Rg2 Rh3 41. Ke3 Rh7 42. Kd3 Rh3 43. Ke3 Rh7 44. Kd3 Rh3 {Game drawn by
mutual agreement} 1/2-1/2

[Event "Team 45 45 League T46"]
[Site "Internet Chess Club"]
[Date "2010.08.29"]
[Round "4"]
[White "PostMike"]
[Black "redarmy44"]
[Result "0-1"]
[WhiteElo "1508"]
[BlackElo "1384"]
[Opening "Scandinavian: Icelandic gambit"]
[ECO "B01"]
[Time "15:00:11"]
[TimeControl "2700+45"]

1. e4 d5 2. exd5 Nf6 3. c4 e6 4. dxe6 Bxe6 5. d4 Bb4+ 6. Bd2 Bxd2+ 7. Qxd2 Qe7
8. Qe2 Nc6 9. d5 Nd4 10. d6 cxd6 11. Qd2 Bf5+ 12. Be2 Nc2+ 13. Kd1 Nxa1 14. Na3
Ne4 15. Qe3 Nc5 16. Qc3 O-O 17. f3 Rfd8 18. b4 Qe5 19. Qd2 d5 20. bxc5 dxc4 21.
Nxc4 Rxd2+ 22. Kxd2 Qd4+ 23. Ke1 Nc2+ {White resigns} 0-1

[Event "Team 45 45 League T46"]
[Site "Internet Chess Club"]
[Date "2010.08.30"]
[Round "4"]
[White "arriero55"]
[Black "clarinetref"]
[Result "1/2-1/2"]
[WhiteElo "1453"]
[BlackElo "1648"]
[Opening "Sicilian: Najdorf, Adams attack"]
[ECO "B90"]
[Time "14:03:10"]
[TimeControl "2700+45"]

1. e4 c5 2. Nf3 d6 3. d4 cxd4 4. Nxd4 Nf6 5. Nc3 a6 6. h3 e6 7. Be3 Be7 8. Qd2
Qc7 9. g4 d5 10. exd5 Nxd5 11. Nxd5 exd5 12. Bg2 Be6 13. Nxe6 fxe6 14. O-O-O Bc5
15. Qe2 Bxe3+ 16. Qxe3 Qe7 17. Rhe1 Nc6 18. Qxe6 Qxe6 19. Rxe6+ Kd7 20. Re2 Rhe8
21. Rxd5+ Kc7 22. Rdd2 Nb4 23. a3 Nc6 24. Bxc6 Kxc6 25. Kd1 Rxe2 26. Kxe2 Re8+
27. Kd3 Re5 28. f4 Rd5+ 29. Ke3 Ra5 30. Ke4 Rc5 31. c3 b5 32. Rd4 a5 33. Kd3 Kc7
34. b4 axb4 35. axb4 Rc6 36. c4 Rh6 37. cxb5 Rxh3+ 38. Kc4 h5 39. gxh5 Rxh5 40.
Rd5 Rh4 41. Rd4 Rh5 42. Rd5 Rh4 {Game drawn by mutual agreement} 1/2-1/2

[Event "Team 45 45 League T46"]
[Site "Internet Chess Club"]
[Date "2010.08.28"]
[Round "4"]
[White "tryanything"]
[Black "PANAMA-REY"]
[Result "1/2-1/2"]
[WhiteElo "1614"]
[BlackElo "1459"]
[Opening "Philidor's defense"]
[ECO "C41"]
[Time "18:41:29"]
[TimeControl "2700+45"]

1. e4 e5 2. Nf3 d6 3. Bc4 Be7 4. d4 exd4 5. Nxd4 Nf6 6. Nc3 c5 7. Nde2 Nbd7 8.
Bf4 Ne5 9. Bxe5 dxe5 10. Qxd8+ Bxd8 11. O-O-O O-O 12. h3 b6 13. f4 exf4 14. Nxf4
Bc7 15. Nfd5 Be5 16. Ne7+ Kh8 17. Nxc8 Raxc8 18. Rhf1 Bxc3 19. bxc3 Nxe4 20.
Rxf7 Rxf7 21. Bxf7 Nxc3 22. Rd7 Ne2+ 23. Kb2 Nd4 24. Rxa7 Rb8 25. Bd5 Nb5 26.
Rb7 Rxb7 27. Bxb7 g6 28. a4 Nd6 29. Bd5 Kg7 30. c4 Kf6 31. Kc3 Ke5 32. Kd3 h6
33. Bf3 g5 34. Bd5 Nf5 35. Bf3 Nd4 36. Bd5 {Game drawn by mutual agreement}
1/2-1/2